 Dungeon Crawl Stone Soup version 0.21.1-1-g345015f (webtiles) character file.

23917 Kairos the Basher (level 12, -12/95 HPs)
             Began as a Demonspawn Skald on Mar 26, 2018.
             Was a Priest of Sif Muna.
             Mangled by a death yak (17 damage)
             ... on level 5 of the Lair of Beasts.
             The game lasted 00:50:54 (17326 turns).

Kairos the Basher (Demonspawn Skald)               Turns: 17326, Time: 00:50:55

Health: -12/95     AC:  9    Str: 21    XL:     12   Next: 76%
Magic:  0/11       EV: 16    Int: 17    God:    Sif Muna [***...]
Gold:   750        SH:  0    Dex: 17    Spells: 12/21 levels left

rFire    + + .     SeeInvis .   l - +1 morningstar
rCold    x . .     Gourm    .   (no shield)
rNeg     . . .     Faith    .   v - +5 leather armour of Pride {+Inv rF+ MP-9 Int+2}
rPois    .         Spirit   +   e - +1 hat
rElec    .         Reflect  .   t - scarf {Spirit}
rCorr    .         Harm     .   (no gloves)
MR       .....                  (no boots)
Stlth    ++++......             o - amulet of regeneration
HPRegen  1.65/turn              J - ring of fire
MPRegen  0.12/turn              (no ring)

@: mighty, infused, regenerating
A: hooves 2, thin skeletal structure 2, powered by pain 1, spiny 1
a: Divine Energy, Channel Magic, Renounce Religion, Evoke Invisibility


You were on level 5 of the Lair of Beasts.
You worshipped Sif Muna.
Sif Muna was most pleased with you.
You were very hungry.

You visited 3 branches of the dungeon, and saw 14 of its levels.

You collected 849 gold pieces.
You spent 99 gold pieces at shops.

Inventory:

Hand Weapons
 a - a +0 mace
 l - a +1 morningstar (weapon)
Armour
 e - a +1 hat (worn)
 t - a scarf of spirit shield (worn)
 v - the +5 leather armour of Pride (worn) {+Inv rF+ MP-9 Int+2}
   (You found it on level 5 of the Dungeon)

   It affects your intelligence (+2).
   It protects you from fire.
   It affects your magic capacity (-9).
   It lets you turn invisible.
 w - a +3 chain mail
Jewellery
 o - an amulet of regeneration (around neck)
 p - a +5 amulet of reflection
 J - a ring of fire (left hand)
Wands
 b - a wand of random effects (77)
 j - a wand of flame (14)
 n - a wand of scattershot (5)
 u - a wand of polymorph (12)
 x - a wand of clouds (5)
 E - a wand of acid (5)
Scrolls
 f - 4 scrolls of amnesia
 i - 5 scrolls of magic mapping
 s - 2 scrolls of enchant armour
 y - 2 scrolls of blinking
 G - 4 scrolls of identify
 I - a scroll of fog
Potions
 g - 6 potions of curing
 h - 2 potions of haste {unknown}
 k - 3 potions of lignification
 m - a potion of might {unknown}
 q - 3 potions of resistance
 r - a potion of agility
 z - 3 potions of heal wounds {unknown}
 A - 2 potions of flight
 B - a potion of degeneration {unknown}
 C - a potion of berserk rage {unknown}
 H - a potion of ambrosia {unknown}
Books
 c - a book of Battle

   Spells                             Type                      Level
   a - Infusion                       Charms                       1
   b - Shroud of Golubria             Charms/Translocation         2
   c - Song of Slaying                Charms                       2
   d - Spectral Weapon                Hexes/Charms                 3
   e - Regeneration                   Charms/Necromancy            3
 D - a book of Clouds

   Spells                             Type                      Level
   a - Poisonous Vapours              Poison/Air                   2
   b - Mephitic Cloud                 Conjuration/Poison/Air       3
   c - Conjure Flame                  Conjuration/Fire             3
   d - Freezing Cloud                 Conjuration/Ice/Air          6
   e - Ring of Flames                 Charms/Fire                  7
Comestibles
 d - 24 rations


   Skills:
 + Level 9.3 Fighting
 + Level 13.0 Maces & Flails
 + Level 5.5 Armour
 + Level 6.8 Dodging
 + Level 6.0 Stealth
 + Level 5.3 Spellcasting
 + Level 5.0 Charms
 + Level 2.6 Necromancy
 + Level 0.1 Evocations


You had 12 spell levels left.
You knew the following spells:

 Your Spells              Type           Power        Failure   Level  Hunger
a - Infusion              Chrm           ###.         1%          1    None
b - Regeneration          Chrm/Necr      ###.......   10%         3    ##.....
c - Shroud of Golubria    Chrm/Tloc      ##........   9%          2    #......
d - Spectral Weapon       Hex/Chrm       ##......     17%         3    ##.....


Dungeon Overview and Level Annotations

Branches:
Dungeon (8/15)             Temple (1/1) D:5            Lair (5/6) D:8
 Shoals (0/4) Lair:2        Snake (0/4) Lair:3
  Slime: Lair:5-6

Altars:
Ashenzari
Cheibriados
Dithmenos
Elyvilon
Fedhas
Gozag
Hepliaklqana
Kikubaaqudgha
Makhleb
Nemelex Xobeh
Okawaru
Qazlal
Ru
Sif Muna
Trog
Uskayaw
Vehumet
Wu Jian
Xom
Yredelemnul
Zin
The Shining One

Shops:
D:4 [

Annotations:
D:8 1 runed door
Lair:1 exclusion: 3 oklob plants


Innate Abilities, Weirdness & Mutations

You have hoof-like feet.
You have a moderately thin skeletal structure. (Dex +4, Stealth+)
You sometimes gain a little power by taking damage.
You are partially covered in sharp spines.


Message History

Confirm with . or Enter, or press ? or * to list all spells.
You begin infusing your attacks with magical energy.
The death yak is struck by your spines.
You kill the death yak!
Sif Muna accepts your kill.
Your skin is crawling a little less now.
Casting: Infusion
Confirm with . or Enter, or press ? or * to list all spells.
Your skin crawls.
The death yak gores you!
* * * LOW HITPOINT WARNING * * *
You thump the death yak! You kick the death yak.
The death yak is moderately wounded.
The death yak gores you!!
* * * LOW HITPOINT WARNING * * *
You focus on the pain.
You feel very mighty all of a sudden.
You barely miss the death yak. You kick the death yak.
The death yak is moderately wounded.
The death yak gores you!
You die...

...........#
...........##
............#
.>.........##
............## P.....
......##...#.# ......
....#####...## ......
.... #.....## #P...#
.. ####....@##
##..^..#
#......##Y###..P.<###
................Y.....
..................Y...
..P##..##.##..#....#..
... #.# ###....##.##
P. ## #....## # ##....
##..##


You could see a death yak.

Vanquished Creatures
  5 two-headed ogres
  3 death yaks (Lair:5)
  A manticore (D:8)
  A black mamba (Lair:3)
  Joseph (D:8)
  5 spiny frogs
  A rime drake (Lair:4)
  5 komodo dragons
  9 hippogriffs
  A snapping turtle (Lair:2)
  12 blink frogs
  A spriggan (D:8)
  The ghost of Mirai the Thaumaturge, an amateur DECj (D:4)
  18 yaks
  A basilisk (Lair:2)
  A hungry ghost (D:8)
  9 water moccasins
  15 porcupines
  An ice beast (D:7)
  3 orc warriors (D:8)
  3 black bears
  5 sky beasts
  3 phantoms
  2 ogres (D:8)
  A centaur (D:5)
  9 crocodiles
  A big kobold (D:7)
  16 bullfrogs
  A gnoll sergeant (D:8)
  3 scorpions
  2 killer bees (D:8)
  4 electric eels
  A howler monkey (D:8)
  6 crimson imps
  4 orc priests
  3 hounds
  A centaur skeleton (D:8)
  A jelly (D:7)
  A bullfrog skeleton (D:5)
  Terence (D:3)
  Ijyb (D:3)
  Natasha (twice) (D:4)
  4 iguanas
  7 orc wizards
  7 worker ants
  A worker ant zombie (D:7)
  20 adders
  11 gnolls
  2 shadow imps
  An ooze (D:6)
  2 adder zombies
  An adder skeleton (D:5)
  3 worms
  4 dart slugs
  7 leopard geckos
  29 orcs
  5 giant cockroaches
  5 goblins
  8 hobgoblins
  11 jackals
  4 quokkas
  6 ball pythons
  9 bats
  7 frilled lizards
  8 kobolds
  A leopard gecko skeleton (D:4)
  2 rats
330 creatures vanquished.

Vanquished Creatures (others)
  Natasha (D:4)
  37 fungi (D:8)
  22 plants
60 creatures vanquished.

Grand Total: 390 creatures vanquished

Notes
Turn   | Place    | Note
-------+----------+-------------------------------------------
     0 | D:1      | Kairos the Demonspawn Skald began the quest for the Orb.
     0 | D:1      | Reached XP level 1. HP: 16/16 MP: 3/3
   119 | D:1      | Reached skill level 1 in Armour
   164 | D:1      | Gained mutation: You are partially covered in sharp spines. [demonic ancestry]
   164 | D:1      | Reached XP level 2. HP: 19/22 MP: 5/5
   245 | D:1      | Reached skill level 2 in Maces & Flails
   653 | D:2      | Reached XP level 3. HP: 22/27 MP: 6/6
  1274 | D:2      | Found a blossoming altar of Fedhas.
  1332 | D:2      | Found a sacrificial altar of Ru.
  1333 | D:2      | Found a hide-covered altar of Uskayaw.
  1462 | D:2      | Gained mutation: You have a somewhat thin skeletal structure. (Dex +2, Stealth) [demonic ancestry]
  1462 | D:2      | Reached XP level 4. HP: 27/33 MP: 3/7
  1535 | D:2      | Found a burning altar of Makhleb.
  1719 | D:3      | Reached skill level 1 in Stealth
  1991 | D:3      | Gained mutation: You sometimes gain a little power by taking damage. [demonic ancestry]
  1991 | D:3      | Reached XP level 5. HP: 10/39 MP: 4/8
  2239 | D:3      | Noticed Terence
  2253 | D:3      | Killed Terence
  3035 | D:3      | Reached skill level 3 in Maces & Flails
  3173 | D:3      | Noticed Ijyb
  3194 | D:3      | Killed Ijyb
  3450 | D:4      | Reached XP level 6. HP: 33/46 MP: 7/9
  3728 | D:4      | Noticed Natasha
  3728 | D:4      | Noticed Mirai's ghost (amateur DECj)
  4785 | D:4      | Killed Mirai's ghost
  4785 | D:4      | Reached skill level 4 in Maces & Flails
  4785 | D:4      | Gained mutation: You have large cloven feet. [demonic ancestry]
  4785 | D:4      | Reached XP level 7. HP: 21/51 MP: 4/10
  5286 | D:4      | Killed Natasha
  5291 | D:4      | Noticed Natasha
  5300 | D:4      | Killed Natasha
  5358 | D:4      | Found Enun Heu's Armour Shop.
  5371 | D:4      | Bought a scarf of spirit shield for 99 gold pieces
  5496 | D:5      | Entered Level 5 of the Dungeon
  5559 | D:4      | Noticed Natasha
  5564 | D:4      | Killed Natasha
  5719 | D:5      | Got a turquoise-studded leather armour
  5730 | D:5      | Identified the +5 leather armour of Pride {+Inv rF+ MP-9 Int+2} (You found it on level 5 of the Dungeon)
  5810 | D:5      | Found an ancient bone altar of Kikubaaqudgha.
  6097 | D:5      | Found a staircase to the Ecumenical Temple.
  6141 | D:5      | Reached skill level 5 in Maces & Flails
  6480 | D:5      | Gained mutation: You have hoof-like feet. [demonic ancestry]
  6480 | D:5      | Reached XP level 8. HP: 57/58 MP: 2/11
  6883 | D:6      | Noticed a two-headed ogre
  6893 | D:6      | Killed a two-headed ogre
  6893 | D:6      | Reached skill level 7 in Maces & Flails
  6893 | D:6      | Reached XP level 9. HP: 27/66 MP: 3/12
  7489 | Temple   | Entered the Ecumenical Temple
  7798 | Temple   | Became a worshipper of Sif Muna the Loreminder
  7997 | D:7      | Found a basalt altar of Yredelemnul.
  8591 | D:7      | Reached skill level 5 in Fighting
  8601 | D:7      | Found a shimmering altar of Xom.
  8970 | D:8      | Reached skill level 8 in Maces & Flails
  9128 | D:8      | Found a runed door.
  9139 | D:8      | Found a stormy altar of Qazlal.
  9167 | D:8      | Learned a level 3 spell: Regeneration
  9228 | D:8      | Noticed a two-headed ogre
  9236 | D:8      | Killed a two-headed ogre
  9236 | D:8      | Reached skill level 9 in Maces & Flails
  9340 | D:8      | Found a runed door.
  9363 | D:8      | Noticed a two-headed ogre
  9376 | D:8      | Noticed Joseph
  9384 | D:8      | Noticed a two-headed ogre
  9389 | D:8      | Killed a two-headed ogre
  9389 | D:8      | Gained mutation: You have a moderately thin skeletal structure. (Dex +4, Stealth+) [demonic ancestry]
  9389 | D:8      | Reached XP level 10. HP: 37/76 MP: 0/14
  9391 | D:8      | Reached skill level 5 in Dodging
  9778 | D:8      | Killed Joseph
  9789 | D:8      | Reached * piety under Sif Muna
  9799 | D:8      | Killed a two-headed ogre
  9799 | D:8      | Reached skill level 10 in Maces & Flails
 10917 | D:8      | Found a staircase to the Lair.
 11468 | D:8      | Noticed a two-headed ogre
 11484 | D:8      | Killed a two-headed ogre
 11484 | D:8      | Reached XP level 11. HP: 66/84 MP: 1/16
 11527 | D:8      | Reached skill level 11 in Maces & Flails
 12100 | Lair:1   | Entered Level 1 of the Lair of Beasts
 12100 | Lair:1   | Noticed an oklob plant
 12100 | Lair:1   | Noticed an oklob plant
 12100 | Lair:1   | Noticed an oklob plant
 12106 | D:8      | Learned a level 2 spell: Shroud of Golubria
 12313 | Lair:1   | Reached skill level 1 in Necromancy
 12319 | Lair:1   | Reached skill level 5 in Armour
 12553 | Lair:1   | Reached ** piety under Sif Muna
 12787 | Lair:1   | Reached skill level 12 in Maces & Flails
 13340 | Lair:2   | HP: 4/86 [komodo dragon (16)]
 13344 | Lair:2   | Reached XP level 12. HP: 7/94 MP: 1/19
 14189 | Lair:2   | Learned a level 3 spell: Spectral Weapon
 14205 | Lair:2   | Found a staircase to the Shoals.
 14308 | Lair:2   | Reached skill level 5 in Spellcasting
 14781 | Lair:2   | Reached skill level 5 in Stealth
 15782 | Lair:3   | Found a staircase to the Snake Pit.
 16449 | Lair:4   | Reached *** piety under Sif Muna
 16898 | Lair:4   | Found an opulent altar of Gozag.
 17284 | Lair:5   | Noticed a death yak
 17293 | Lair:5   | Noticed a death yak
 17293 | Lair:5   | Noticed a death yak
 17294 | Lair:5   | Noticed a death yak
 17306 | Lair:5   | Killed a death yak
 17314 | Lair:5   | Killed a death yak
 17314 | Lair:5   | Reached skill level 13 in Maces & Flails
 17314 | Lair:5   | Reached skill level 5 in Charms
 17322 | Lair:5   | Killed a death yak
 17325 | Lair:5   | HP: 3/95 [death yak (16)]
 17326 | Lair:5   | Mangled by a death yak

Skill      XL: |  1  2  3  4  5  6  7  8  9 10 11 12 |
---------------+-------------------------------------+-----
Armour         | 1 2 3 4 5 |  5.5
Maces & Flails | 2 3 4 5 7 9 10 12 13 | 13.0
Charms         | 3 4 5 |  5.0
Dodging        | 2 3 4 5 6 |  6.8
Stealth        | 1 2 3 4 6 |  6.0
Fighting       | 3 4 6 7 8 9 |  9.3
Spellcasting   | 3 4 5 |  5.3
Necromancy     | 2 |  2.6
Evocations     | |  0.1

Action                   |  1- 3 |  4- 6 |  7- 9 | 10-12 || total
-------------------------+-------+-------+-------+-------++-------
Melee: Mace              |   104 |    62 |       |       ||   166
       Morningstar       |       |    94 |   235 |   537 ||   866
       Unarmed           |       |     1 |       |       ||     1
       Kick              |       |       |    86 |   188 ||   274
 Cast: Infusion          |     1 |     4 |     6 |    12 ||    23
       Regeneration      |       |       |       |    29 ||    29
Evoke: Wand              |       |       |     1 |     1 ||     2
  Use: Potion            |     1 |     1 |     1 |       ||     3
       Scroll            |       |     4 |     9 |     1 ||    14
 Stab: Sleeping          |     3 |     3 |     2 |    13 ||    21
       Distracted        |       |       |       |     2 ||     2
  Eat: Chunk             |     1 |     6 |    10 |    18 ||    35
       Ration            |       |     2 |     1 |     3 ||     6
Armor: Leather armour    |    43 |    24 |    54 |    97 ||   218
       Scale mail        |       |    36 |    12 |       ||    48
       Skin              |       |       |     2 |       ||     2
Dodge: Dodged            |    87 |    75 |   130 |   316 ||   608
Block: Other             |       |       |    54 |    72 ||   126
       Reflection        |       |       |     2 |       ||     2
